 Dungeon Crawl Stone Soup version 0.27-a0-1590-g15f69828bf (webtiles) character file.

Game seed: 9580310170679959037

86 Sin92 the Skirmisher (level 4, 0/35 HPs)
             Began as a Demonspawn Fighter on July 18, 2021.
             Slain by a hobgoblin (1 damage)
             ... on level 3 of the Dungeon.
             The game lasted 00:02:27 (2432 turns).

Sin92 the Skirmisher (Demonspawn Fighter)           Turns: 2432, Time: 00:02:28

Health: 0/35       AC:  6    Str: 17    XL:     4   Next: 27%
Magic:  4/4        EV:  4    Int: 16    God:
Gold:   51         SH:  9    Dex: 12    Spells: 3/3 levels left

rFire    . . .     SeeInvis .   a - +1 trident
rCold    . . .     Faith    .   c - +0 kite shield
rNeg     . . .     Spirit   .   b - +0 scale mail
rPois    .         Reflect  .   (helmet restricted)
rElec    .         Harm     .   (no cloak)
rCorr    .         Rampage  .   (no gloves)
Will     .....                  (no boots)
Stlth    ..........             h - amulet of magic regeneration
HPRegen  0.11/turn              i - +6 ring of intelligence
MPRegen  0.34/turn              (no ring)

@: mighty, constricted
A: antennae 1, hooves 1
a: no special abilities


You were on level 3 of the Dungeon.
You visited 1 branch of the dungeon, and saw 3 of its levels.

You collected 51 gold pieces.

Inventory:

Hand Weapons
 a - a +1 trident (weapon)
Missiles
 l - 3 curare-tipped darts (quivered)
Armour
 b - a +0 scale mail (worn)
 c - a +0 kite shield (worn)
Jewellery
 h - an amulet of magic regeneration (around neck)
 i - a +6 ring of intelligence (left hand)
 n - an amulet of the acrobat
Scrolls
 j - 2 scrolls of identify
Potions
 f - a potion of mutation
 k - a potion of resistance {unknown}
 m - a potion of brilliance {unknown}


   Skills:
 + Level 3.5 Fighting
 + Level 2.3 Polearms
 + Level 3.1 Armour
 + Level 1.4 Dodging
 + Level 3.1 Shields


You had 3 spell levels left.
You didn't know any spells.
Your spell library contained the following spells:

 Spells                   Type           Power      Damage    Failure   Level
 Animate Skeleton         Necr           0%         N/A       98%         1
 Pain                     Necr           0%         1d4       98%         1
 Vampiric Draining        Necr           0%         2d6       100%        3


Dungeon Overview and Level Annotations

Branches:
Dungeon (3/15)

Altars:


Innate Abilities, Weirdness & Mutations

You have a pair of small antennae on your head.
You have large cloven feet.


Message History

The adder bites you but does no damage. You block the hobgoblin's attack.
The adder bites you. Something hits you!
You hit something but do no damage. You kick something.
Your bat closely misses the ball python.
You block the adder's attack. You block the hobgoblin's attack.
Something hits you!
* * * LOW HITPOINT WARNING * * *
You feel very mighty all of a sudden.
The hobgoblin hits you but does no damage.
You hear some strange, mumbled words.
A puff of flame appears from out of thin air!
You block the puff of flame. The adder bites you but does no damage.
The ball python bites you.
* * * LOW HITPOINT WARNING * * *
You block the ball python's attack.
You puncture something! You kick something!
Your hobgoblin dissolves into shadows!
The hobgoblin hits you but does no damage.
Something hits you.
* * * LOW HITPOINT WARNING * * *
The adder bites you but does no damage. You block the ball python's attack.
The ball python completely misses you. The hobgoblin hits you.
* * * LOW HITPOINT WARNING * * *
You block something's attack. The adder barely misses you.
You miss something.
Your bat seems less confused.
Your bat hits something.
Your bat completely misses something.
The ball python barely misses you. The ball python grabs you.
The ball python constricts you. You block the adder's attack.
The hobgoblin hits you but does no damage.
Something hits you but does no damage.
The ball python bites you but does no damage.
The ball python constricts you. The adder bites you but does no damage.
You puncture something!
Reactivating autopickup.
You feel a bit more experienced.
Your bat closely misses the ball python.
The ball python barely misses you. The ball python constricts you.
The hobgoblin hits you.
You die...

,,,,,,*,,,........,,,,,,,,,,,....
,,,,,,,,,,,......#*****#####.....
**,,,,*,,,,,.....# ####.........
**.,,,***##+#....####............
,,...,,,,,.......#............###
**.....######....#...........##**
*.....b.<......##..............,
*.....b....#..S.b..............,
*..........#...@S...............
*####......#...Sg......####.....
*,........#..†...........*....,
*...............##.....#.#,..,,
#.............####.....#,#,,,,,
#......###....# #.....#,*,**,*
*,,,,,,,......#**#..S.<..*,**,*
***,,,,,......*,,,.....##*,**,*
****,,.....,*,,,,,,,,,,,,**,,


You could see an adder, a hobgoblin, a ball python (ally target), a friendly bat
(summoned) and a friendly ball python (summoned).

Vanquished Creatures
  Sigmund (D:3)
  3 adders (D:2)
  3 dart slugs
  5 bats
  2 endoplasms
  3 giant cockroaches
  4 goblins
  A hobgoblin (D:2)
  4 jackals (D:1)
  4 ball pythons (D:2)
  3 frilled lizards
  11 kobolds
  6 rats
50 creatures vanquished.

Vanquished Creatures (collateral kills)
  A rat (D:3)
1 creature vanquished.

Grand Total: 51 creatures vanquished

Notes
Turn   | Place    | Note
-------+----------+-------------------------------------------
     0 | D:1      | Sin92 the Demonspawn Fighter began the quest for the Orb.
     0 | D:1      | Reached XP level 1. HP: 18/18 MP: 1/1
   166 | D:1      | Found a faded altar of an unknown god.
   181 | D:1      | Gained mutation: You have large cloven feet. [demonic
                  | ancestry]
   181 | D:1      | Reached XP level 2. HP: 23/24 MP: 2/2
   855 | D:1      | Reached skill level 1 in Dodging
   855 | D:1      | Gained mutation: You have a pair of small antennae on your
                  | head. [demonic ancestry]
   855 | D:1      | Reached XP level 3. HP: 29/29 MP: 3/3
  1685 | D:2      | Reached XP level 4. HP: 35/35 MP: 4/4
  2411 | D:3      | Noticed Sigmund
  2430 | D:3      | HP: 1/35 [hobgoblin (2)]
  2432 | D:3      | Killed Sigmund
  2432 | D:3      | Slain by a hobgoblin

Illustrated notes

Levels and vault maps discovered:
D:1:      onia_arrival_pyramid, layout_basic, ebering_ecumenical_altar_webs,
          corner_web_ring, minmay_misc_feat_x
D:2:      minmay_kobold_bridge, layout_basic
D:3:      layout_basic, ebering_ghost_inner_flame, uniq_crazy_yiuf_cottage,
          uniq_robin, uniq_sigmund

Skill      XL: |  1  2  3 |
---------------+----------+-----
Polearms       | 2 |  2.3
Dodging        | 1 |  1.4
Shields        | 3 |  3.1
Armour         | 3 |  3.1
Fighting       | |  3.5

Action                   |  1- 3 |  4- 6 || total
-------------------------+-------+-------++-------
Melee: Trident           |   162 |    24 ||   186
       Kick              |    20 |     9 ||    29
  Use: Scroll            |       |     5 ||     5
       Potion            |       |     1 ||     1
Armor: Scale mail        |    69 |    18 ||    87
Dodge: Dodged            |    52 |     7 ||    59
Block: Kite shield       |    79 |    15 ||    94

Table legend: (Time is in decaauts)
 A = Elapsed time spent in this place.
 B = Non-inter-level travel time spent in this place.
 C = Inter-level travel time spent in this place.
 D = Time resting spent in this place.
 E = Time spent auto-exploring this place.
 F = Levels seen in this place.
 G = Mean time per level.
                   A        B        C        D        E       F      G
               +--------+--------+--------+--------+--------+-----+--------+
         Total |   2512 |   2468 |     44 |      0 |   2055 |   3 |  837.3 |
       Dungeon |   2512 |   2468 |     44 |      0 |   2055 |   3 |  837.3 |
               +--------+--------+--------+--------+--------+-----+--------+

Top non-repeatable levels by time:
     D:2: 1424 daAuts
     D:1: 1061 daAuts
     D:3: 26 daAuts
